 Dungeon Crawl Stone Soup version 0.28-a0-194-g42b4daccc1 (webtiles) character file.

Game seed: 8159052574003705204

70965 Ezendos the Warrior (level 15, -21/167 HPs)
             Began as an Ogre Brigand on Aug 18, 2021.
             Was the Champion of Fedhas.
             Killed from afar by a hellion (23 damage)
             ... with damnation
             ... on level 3 of the Abyss.
             The game lasted 01:25:01 (36270 turns).

Ezendos the Warrior (Ogre Brigand)                 Turns: 36270, Time: 01:25:02

Health: -21/167    AC: 12    Str: 17    XL:     15   Next: 35%
Magic:  25/25      EV: 14    Int: 16    God:    Fedhas [******]
Gold:   1107       SH:  0    Dex: 19    Spells: 5/27 levels left

rFire   + . .      SeeInvis +   a - +7 lajatang of Order {silver, rMut}
rCold   + . .      Faith    .   (shield currently unavailable)
rNeg    . . .      Spirit   .   R - +5 robe of Night {Dark Will+ SInv}
rPois   +          Reflect  .   (helmet restricted)
rElec   +          Harm     .   U - scarf {rC+ rF+}
rCorr   .          Rampage  .   (gloves unavailable)
rMut    +                       (boots unavailable)
Will    +++..                   u - amulet of the acrobat
Stlth   +++.......              G - ring of Qasuwnum {rPois Will+ Dex-2 SInv}
HPRegen 0.37/turn               Z - ring "Viocih Eju" {rElec AC+4 Str-2 Dex+10}
MPRegen 0.19/turn

@: about to teleport
A: large, unfitting armour, tough skin 1
a: Renounce Religion, Wall of Briars, Grow Ballistomycete, Overgrow, Grow Oklob


You were on level 3 of the Abyss.
You worshipped Fedhas.
Fedhas was exalted by your worship.
You visited 3 branches of the dungeon, and saw 21 of its levels.
You visited the Abyss 1 time.
You also visited: Sewer and Bailey.

You collected 4777 gold pieces.
You spent 3670 gold pieces at shops.

Inventory:

Hand Weapons
 a - the +7 lajatang of Order (weapon) {silver, rMut}
   (You bought it in a shop on level 3 of the Dungeon)

   It inflicts extra damage upon those it strikes, and deals substantially
   increased damage to chaotic, mutated and magically transformed beings.
   rMut:      It protects you from mutation.
 d - a +4 antimagic quarterstaff
 s - the +3 mace of Integrity {drain, rN+ Will+}
   (You bought it in a shop on level 3 of the Dungeon)

   A truly terrible weapon, it drains the life of any living foe it strikes.
   rN:        It protects you from negative energy.
   Will:      It increases your willpower.
 x - a +3 scimitar of flaming
 V - a +1 spear of venom
Missiles
 e - 5 curare-tipped darts
 w - 12 silver javelins
 C - 47 poisoned darts
 D - 2 throwing nets
 E - 16 boomerangs (quivered)
 W - 23 large rocks
Armour
 c - a +2 cloak
 t - +0 acid dragon scales
 R - the +5 robe of Night (worn) {Dark Will+ SInv}
   (You found it on level 10 of the Dungeon)

   It shrouds the wearer in darkness, reducing the range at which they can see
   and be seen by others.
   SInv:      It lets you see invisible.
   Will:      It increases your willpower.
 U - a scarf of resistance (worn)
Jewellery
 h - a ring of resist corrosion
 u - an amulet of the acrobat (around neck)
 v - a ring of willpower
 y - a ring of flight
 G - the ring of Qasuwnum (left hand) {rPois Will+ Dex-2 SInv}
   (You found it on level 7 of the Dungeon)

   [ring of see invisible]

   Dex:       It affects your dexterity (-2).
   rPois:     It protects you from poison.
   SInv:      It lets you see invisible.
   Will:      It increases your willpower.
 M - a ring of positive energy
 Z - the ring "Viocih Eju" (right hand) {rElec AC+4 Str-2 Dex+10}
   (You bought it in a shop on level 4 of the Dungeon)

   [ring of protection]

   AC:        It affects your AC (+4).
   Str:       It affects your strength (-2).
   Dex:       It affects your dexterity (+10).
   rElec:     It insulates you from electricity.
Wands
 k - a wand of paralysis (13)
 I - a wand of charming (8)
 N - a wand of acid (20)
 X - a wand of flame (29)
 Y - a wand of iceblast (36)
Scrolls
 g - 3 scrolls of immolation
 l - 3 scrolls of blinking
 m - 4 scrolls of fog
 n - a scroll of holy word
 r - 4 scrolls of identify
 z - 2 scrolls of fear
 A - 6 scrolls of teleportation
 F - 2 scrolls of silence
 J - 3 scrolls of magic mapping
 K - 4 scrolls of amnesia
 O - 3 scrolls of enchant armour
Potions
 b - 3 potions of lignification
 f - 3 potions of haste
 i - 2 potions of magic
 j - 5 potions of invisibility
 o - 3 potions of resistance
 p - 2 potions of might
 q - 6 potions of cancellation
 B - 2 potions of attraction
 H - 4 potions of flight
 P - a potion of mutation
 Q - 5 potions of curing
 T - 2 potions of brilliance
Miscellaneous
 L - a box of beasts


   Skills:
 + Level 15.5 Fighting
 - Level 1.7 Short Blades
 - Level 3.0(6.7) Maces & Flails
 + Level 10.2(10.4) Staves
 - Level 2.0 Throwing
 - Level 4.0 Armour
 + Level 7.6 Dodging
 - Level 3.0 Stealth
 + Level 6.7 Spellcasting
 - Level 4.0 Conjurations
 + Level 4.8 Summonings
 - Level 6.0 Necromancy
 + Level 4.8 Translocations
 - Level 4.0 Ice Magic
 + Level 4.6 Air Magic
 - Level 4.0 Earth Magic
 + Level 4.5 Poison Magic
 + Level 11.7 Invocations


You had 5 spell levels left.
You knew the following spells:

 Your Spells              Type           Power      Damage    Failure   Level
a - Mephitic Cloud        Conj/Pois/Air  19%        N/A       6%          3
b - Borgnjor's Vile Clut  Necr/Erth      10%        N/A       41%         5
c - Frozen Ramparts       Ice            36%        1d5       8%          3
A - Call Imp              Summ           20%        N/A       2%          2
B - Animate Dead          Necr           12%        N/A       11%         4
C - Summon Forest         Summ/Tloc      10%        N/A       43%         5

Your spell library contained the following spells:

 Spells                   Type           Power      Damage    Failure   Level
 Animate Skeleton         Necr           48%        N/A       1%          1
 Pain                     Necr           96%        1d8       1%          1
 Sublimation of Blood     Necr           12%        N/A       1%          2
 Freeze                   Ice            72%        1d9       2%          1
 Magic Dart               Conj           72%        1d6       2%          1
 Static Discharge         Conj/Air       19%        N/A       3%          2
 Vampiric Draining        Necr           12%        2d7       3%          3
 Gell's Gravitas          Tloc           10%        N/A       5%          3
 Teleport Other           Tloc           20%        N/A       5%          3
 Ensorcelled Hibernation  Hex/Ice        22%        N/A       9%          2
 Corona                   Hex            5%         N/A       13%         1
 Wereblood                Tmut           5%         N/A       19%         2
 Ignite Poison            Fire/Tmut/Pois 10%        N/A       21%         3
 Iskenderun's Mystic Bla  Conj/Tloc      19%        2d6       21%         4
 Hailstorm                Conj/Ice       18%        3d6       24%         4
 Tukima's Dance           Hex            5%         N/A       36%         3
 Fulminant Prism          Conj/Hex       5%         3d7       50%         4
 Lightning Bolt           Conj/Air       9%         1d22      52%         5
 Lee's Rapid Deconstruct  Erth           9%         3d8*      56%         5
 Bolt of Magma            Conj/Fire/Erth 6%         4d6       75%         5
 Cause Fear               Hex            2%         N/A       77%         4
 Death Channel            Necr           12%        N/A       86%         6
 Dispersal                Tloc           10%        N/A       95%         6
 Eringya's Noxious Bog    Tmut/Pois      6%         N/A       100%        6
 Dragon Form              Tmut           2%         N/A       100%        7
 Summon Hydra             Summ           10%        N/A       100%        7
 Maxwell's Capacitive Co  Air            10%        ∞         100%        8
 Dragon's Call            Summ           10%        N/A       100%        9


Dungeon Overview and Level Annotations

Branches:
Dungeon (14/15)            Temple (0/1) D:6            Lair (5/6) D:10
  Swamp (0/4) Lair:4        Snake (0/4) Lair:3          Orc (2/2) D:12
    Elf (0/3) Orc:2        Vaults (0/5) D:13          Sewer (visited)
 Bailey (visited)
  Slime: Lair:5-6

Altars:
Cheibriados
Dithmenos
Fedhas
Gozag
Makhleb
Okawaru
Qazlal
Trog
Uskayaw
Xom
The Shining One
Beogh

Shops:
D:1 *   D:2 *   D:3 ((=(   D:4 =   D:6 (   Orc:2 [=(

Annotations:
D:6 3 runed translucent doors, PeterLawrence's ghost, novice MiFi
D:9 1 runed translucent door
D:10 exclusion: boulder beetle
Lair:4 3 runed translucent doors, sanka's ghost, journeyman GnCj


Innate Abilities, Weirdness & Mutations

You are too large for most types of armour.
You have tough skin. (AC +1)


Message History

You barely miss the large abomination.
The large abomination is heavily damaged.
The large abomination barely misses you.
You hit the large abomination.
The silver sears the large abomination!
The large abomination is severely damaged.
A hellion comes into view.
The large abomination closely misses you.
The starcursed mass shrieks in your mind.
As you read the scroll of teleportation, it crumbles to dust.
You feel strangely unstable.
You feel the power of the Abyss delaying your translocation!
A starcursed mass splits.
The large abomination hits you!
You slash the large abomination!
You destroy the large abomination!
Fedhas accepts your kill. The hellion gestures at you.
The sphere of damnation explodes!
The damnation engulfs you!!
* * * LOW HITPOINT WARNING * * *
The starcursed mass shrieks in your mind.
* * * LOW HITPOINT WARNING * * *
You hear a hideous shriek! x2; You hear a shout! x3
Your life force feels restored.
Okay, then.
You hear a shout!
The hellion gestures at you.
The sphere of damnation explodes!
The damnation engulfs you!
* * * LOW HITPOINT WARNING * * *
The damnation engulfs the hellion.
The hellion completely resists.
The hellion gestures at you.
The sphere of damnation explodes!
The damnation engulfs you!!
* * * LOW HITPOINT WARNING * * *
The damnation engulfs the hellion.
The hellion completely resists.
Okay, then.
Blink to where?
Press: ? - help, Dir - move target
As you read the scroll of blinking, it crumbles to dust.
The hellion gestures at you.
The sphere of damnation explodes!
The damnation engulfs you!!
You die...
Fedhas appreciates your contribution to the ecosystem.

.. #. #.
#≈ #
#.##.#
#@.####
##....##
..#..2#
###.§##
#..##.#
#.. #..#
## ..###
#..§#
.X##


You could see a hellion.

Vanquished Creatures
  A very ugly thing (Abyss:3)
  Nessos (Lair:4)
  Azrael (Orc:2)
  Snorg (Orc:2)
  Josephine (D:12)
  6 hydras
  Fannar (D:12)
  Erolcha (D:13)
  A vault guard (D:13)
  4 centaur warriors
  5 two-headed ogres
  A catoblepas (Lair:4)
  5 death yaks
  A thrashing horror (Abyss:3)
  Urug (Lair:4)
  2 wretched stars (Abyss:3)
  Sonja (Lair:5)
  Nergalle (Lair:1)
  2 starcursed masses (Abyss:3)
  4 large abominations (Abyss:3)
  6 orc knights
  A deep elf pyromancer (D:12)
  3 orc sorcerers (Orc:2)
  An ugly thing (D:10)
  5 cyclopes
  A manticore (D:12)
  9 elephants (Lair:5)
  A centaur zombie (D:10)
  4 black mambas
  Maurice (D:13)
  A rust devil (Abyss:3)
  4 komodo dragons
  14 cane toads
  A yaktaur (shapeshifter) (Abyss:3)
  2 rime drakes
  2 tengu conjurers (D:13)
  4 trolls
  2 hornets
  2 polar bears
  4 blink frogs (Lair:4)
  9 slime creatures
  Grinder (D:3)
  3 raiju (Abyss:3)
  11 dream sheep
  4 shadows
  4 wraiths
  A water elemental (D:14)
  2 wyverns
  3 fire elementals (Orc:2)
  24 yaks
  5 basilisks
  11 humans (D:13)
  2 steam dragons
  8 vampire mosquitoes
  A neqoxec (Abyss:3)
  3 swamp worms (Lair:4)
  2 acid dragons
  2 hell hounds (Orc:2)
  7 water moccasins
  41 orc warriors
  3 ice beasts
  A sky beast (D:7)
  A black bear (D:5)
  5 wolves (Lair:1)
  16 ogres
  6 centaurs
  3 small abominations (Abyss:3)
  2 kobold brigands
  8 bullfrogs
  A gnoll sergeant (D:11)
  7 scorpions
  A water moccasin zombie (D:5)
  A water moccasin skeleton (D:7)
  5 wights
  6 howler monkeys
  Crazy Yiuf (D:3)
  2 gnoll shamans
  2 hounds
  23 orc priests
  A jelly (D:7)
  A centaur skeleton (D:7)
  18 orc wizards
  3 iguanas
  A howler monkey zombie (D:5)
  14 adders
  13 gnolls
  A howler monkey skeleton (D:6)
  7 river rats
  A shadow imp (D:4)
  3 ufetubi
  An adder skeleton (D:4)
  A worm (D:3)
  A dart slug (D:2)
  91 orcs
  4 endoplasms
  7 giant cockroaches
  11 goblins
  10 hobgoblins
  22 kobolds
  A quokka (D:4)
  9 ball pythons
  5 bats
  5 frilled lizards
  25 rats
  3 ballistomycete spores
606 creatures vanquished.

Vanquished Creatures (collateral kills)
  A warg (Orc:2)
  6 orcs (Orc:2)
  41 ballistomycete spores
48 creatures vanquished.

Vanquished Creatures (others)
  3 ballistomycete spores (Bailey)
  6 demonic plants (Abyss:3)
  41 fungi
  63 plants
113 creatures vanquished.

Grand Total: 767 creatures vanquished

Notes
Turn   | Place    | Note
-------+----------+-------------------------------------------
     0 | D:1      | Ezendos the Ogre Brigand began the quest for the Orb.
     0 | D:1      | Reached XP level 1. HP: 22/22 MP: 1/1
    74 | D:1      | Reached skill level 3 in Fighting
   200 | D:1      | Reached XP level 2. HP: 31/31 MP: 2/2
   217 | D:1      | Found Iwouqu's Assorted Antiques.
   404 | D:1      | Reached skill level 4 in Fighting
   667 | D:2      | Reached XP level 3. HP: 28/40 MP: 3/3
  1053 | D:2      | Reached skill level 5 in Fighting
  1285 | D:2      | Found Qefeapuj's General Store.
  1289 | D:2      | Bought a scroll of fog for 28 gold pieces
  1289 | D:2      | Bought a scroll of identify for 28 gold pieces
  1517 | D:3      | Found Hokel's Jewellery Shop.
  1517 | D:3      | Found Kobuathu's Antique Weapon Emporium.
  1582 | D:3      | Found a glowing drain.
  1591 | Sewer    | Entered a sewer
  1631 | Sewer    | Reached XP level 4. HP: 41/50 MP: 4/4
  1962 | Sewer    | Reached skill level 6 in Fighting
  2363 | Sewer    | Reached XP level 5. HP: 58/61 MP: 5/5
  2425 | Sewer    | Reached skill level 7 in Fighting
  2945 | Sewer    | Noticed a kobold brigand
  2985 | Sewer    | Killed a kobold brigand
  2986 | Sewer    | Reached skill level 8 in Fighting
  2986 | Sewer    | Reached XP level 6. HP: 50/72 MP: 6/6
  3716 | D:3      | Noticed Grinder
  3717 | D:3      | Paralysed by Grinder for 3 turns
  3821 | D:3      | Found a shadowy altar of Dithmenos.
  3821 | D:3      | Found a blossoming altar of Fedhas.
  3888 | D:3      | Became a worshipper of Fedhas Madash
  4037 | D:2      | Reached skill level 1 in Dodging
  4323 | D:3      | Found a runed translucent door.
  4324 | D:3      | Noticed Crazy Yiuf
  4371 | D:4      | Identified a scroll of acquirement
  4371 | D:4      | Acquired 1314 gold pieces
  4435 | D:1      | Bought a scroll labelled GEASICL JONN for 29 gold pieces
  4435 | D:1      | Bought a thick lapis lazuli amulet for 145 gold pieces
  4435 | D:1      | Bought a scroll of identify for 58 gold pieces
  4435 | D:1      | Bought a scroll of identify for 58 gold pieces
  4435 | D:1      | Bought a scroll of identify for 58 gold pieces
  4486 | D:2      | Bought a potion of cancellation for 112 gold pieces
  4486 | D:2      | Bought a potion of cancellation for 112 gold pieces
  4486 | D:2      | Bought a wand of iceblast (6) for 140 gold pieces
  4503 | D:3      | Bought a runed giant club for 131 gold pieces
  4505 | D:3      | Bought a ring of willpower for 350 gold pieces
  4545 | D:3      | Found Piratt's Antique Weapon Shop.
  4563 | D:3      | Found a faded altar of an unknown god.
  4607 | D:3      | You fall into a shaft and drop 3 floors!
  4639 | D:6      | Found Daguan's Weapon Emporium.
  4673 | D:5      | Entered Level 5 of the Dungeon
  5059 | D:5      | Reached skill level 1 in Invocations
  5413 | D:4      | Reached XP level 7. HP: 69/81 MP: 8/8
  5549 | D:4      | Found Tikeozxi's Jewellery Shoppe.
  5721 | D:3      | Found Conia's Antique Weapon Boutique.
  6001 | D:4      | Reached skill level 9 in Fighting
  6107 | D:4      | Found a snail-covered altar of Cheibriados.
  6689 | D:4      | Found a shimmering altar of Xom.
  7311 | D:4      | Reached XP level 8. HP: 49/93 MP: 10/10
  7637 | D:3      | Bought a fine mace for 176 gold pieces
  7637 | D:3      | Identified the +3 mace of Integrity {drain, rN+ Will+} (You
                  | bought it in a shop on level 3 of the Dungeon)
  7716 | D:3      | Killed Grinder
  7717 | D:3      | Reached skill level 10 in Fighting
  7717 | D:3      | Reached skill level 1 in Maces & Flails
  7799 | D:3      | Killed Crazy Yiuf
  8085 | D:5      | Reached * piety under Fedhas
  8145 | D:5      | Found a burning altar of Makhleb.
  8178 | D:5      | Found a stormy altar of Qazlal.
  8179 | D:5      | Found a hide-covered altar of Uskayaw.
  8180 | D:5      | Found an iron altar of Okawaru.
  8225 | D:5      | Reached skill level 5 in Invocations
  8417 | D:5      | Learned a level 3 spell: Mephitic Cloud
  8830 | D:5      | Reached XP level 9. HP: 44/102 MP: 12/12
  9255 | D:6      | Found a runed translucent gate.
  9255 | D:6      | Found a runed translucent gate.
  9255 | D:6      | Found a runed translucent gate.
  9333 | D:6      | Found a staircase to the Ecumenical Temple.
  9355 | D:6      | Reached skill level 1 in Spellcasting
  9380 | D:6      | Identified the +2 robe of Luucef {Regen+}
  9460 | D:6      | Reached skill level 1 in Conjurations
  9507 | D:6      | Found an opulent altar of Gozag.
  9510 | D:6      | Noticed a gargoyle
  9510 | D:6      | Noticed PeterLawrence's ghost (novice MiFi)
  9700 | D:6      | Reached skill level 1 in Air Magic
  9700 | D:6      | Reached skill level 1 in Poison Magic
 10328 | D:7      | Identified the ring of Qasuwnum {rPois Will+ Dex-2 SInv}
 10411 | D:7      | Reached ** piety under Fedhas
 10693 | D:7      | Noticed a hornet
 10704 | D:7      | Paralysed by a hornet for 1 turns
 10713 | D:7      | Killed a hornet
 10714 | D:7      | Reached skill level 11 in Fighting
 10714 | D:7      | Reached skill level 5 in Dodging
 11221 | D:8      | Reached XP level 10. HP: 89/114 MP: 14/14
 11329 | D:8      | Acquired 1097 gold pieces
 11476 | D:3      | Bought the +7 lajatang of Order {silver, rMut} for 1377
                  | gold pieces
 11476 | D:3      | Found the +7 lajatang of Order {silver, rMut}
 11627 | D:8      | Found a bloodstained altar of Trog.
 11815 | D:8      | Found a glowing golden altar of the Shining One.
 12089 | D:9      | Reached skill level 1 in Staves
 12115 | D:9      | Found a flagged portal.
 12124 | D:9      | Reached *** piety under Fedhas
 12131 | Bailey   | Entered a bailey
 12131 | Bailey   | Noticed an orc knight
 12160 | Bailey   | Killed an orc knight
 12831 | D:9      | Noticed a centaur warrior
 12870 | D:9      | Killed a centaur warrior
 12919 | D:9      | Found a runed translucent door.
 13012 | D:9      | Noticed a centaur warrior
 13013 | D:9      | Noticed a yaktaur captain
 13051 | D:10     | Entered Level 10 of the Dungeon
 13060 | D:10     | Reached XP level 11. HP: 111/123 MP: 17/17
 13113 | D:10     | Found a staircase to the Lair.
 13178 | Lair:1   | Entered Level 1 of the Lair of Beasts
 13247 | D:10     | Reached skill level 1 in Armour
 13317 | D:10     | Reached **** piety under Fedhas
 13318 | D:10     | Reached skill level 12 in Fighting
 13318 | D:10     | Reached skill level 5 in Staves
 13321 | D:10     | Reached skill level 5 in Spellcasting
 13330 | D:10     | Noticed a brown ugly thing
 13653 | D:10     | Noticed a boulder beetle
 13938 | D:9      | Identified the +10 great sword of Drought {vorpal, Fragile
                  | rElec rF++ Will+ Dex-3}
 14145 | D:9      | Noticed a deep elf pyromancer
 14276 | D:10     | Killed a brown ugly thing
 14520 | D:10     | Found the +5 robe of Night {Dark Will+ SInv}
 15176 | Lair:1   | Noticed a five-headed hydra
 15194 | Lair:1   | Killed a five-headed hydra
 15258 | Lair:1   | Reached XP level 12. HP: 107/133 MP: 19/19
 15381 | Lair:1   | Learned a level 5 spell: Summon Forest
 15384 | Lair:1   | Learned a level 2 spell: Call Imp
 15390 | Lair:1   | Learned a level 5 spell: Borgnjor's Vile Clutch
 15395 | Lair:1   | Learned a level 4 spell: Animate Dead
 15561 | Lair:1   | Noticed a seven-headed hydra
 15599 | Lair:1   | Killed a seven-headed hydra
 15600 | Lair:1   | Reached skill level 13 in Fighting
 16083 | Lair:1   | Reached skill level 1 in Translocations
 16197 | Lair:1   | Noticed Nergalle
 16207 | Lair:1   | Killed Nergalle
 16208 | Lair:1   | Reached skill level 1 in Summonings
 16208 | Lair:1   | Reached skill level 1 in Necromancy
 16208 | Lair:1   | Reached skill level 1 in Earth Magic
 18844 | Lair:3   | Noticed a death yak
 18845 | Lair:3   | Noticed a death yak
 18846 | Lair:3   | Noticed a death yak
 18947 | Lair:3   | Found a staircase to the Snake Pit.
 19267 | Lair:2   | Killed a death yak
 19492 | Lair:3   | Killed a death yak
 19514 | Lair:3   | Killed a death yak
 20148 | Lair:4   | Noticed a six-headed hydra
 20181 | Lair:3   | Killed a six-headed hydra
 20182 | Lair:3   | Reached XP level 13. HP: 71/144 MP: 15/21
 21112 | Lair:4   | Noticed Nessos
 21160 | Lair:4   | Found a runed translucent gate.
 21160 | Lair:4   | Found a runed translucent gate.
 21160 | Lair:4   | Found a runed translucent gate.
 21178 | Lair:4   | Noticed Urug
 21189 | Lair:4   | Killed Urug
 21690 | Lair:4   | Killed Nessos
 22043 | Lair:4   | Found a staircase to the Swamp.
 22515 | Lair:4   | Noticed sanka's ghost (journeyman GnCj)
 22661 | Lair:5   | Noticed Sonja
 22676 | Lair:5   | Killed Sonja
 22879 | Lair:5   | Reached skill level 10 in Invocations
 23217 | Lair:5   | Reached skill level 14 in Fighting
 24238 | Lair:4   | Found a runed translucent gate.
 24238 | Lair:4   | Found a runed translucent gate.
 24238 | Lair:4   | Found a runed translucent gate.
 24286 | Lair:4   | Found a staircase to the Swamp.
 25484 | D:4      | Bought the ring "Viocih Eju" {rElec AC+4 Str-2 Dex+10} for
                  | 868 gold pieces
 26196 | D:11     | Reached XP level 14. HP: 118/157 MP: 23/23
 26199 | D:11     | Reached ***** piety under Fedhas
 27250 | D:12     | Noticed Fannar
 27263 | D:12     | Killed Fannar
 27439 | D:12     | Reached skill level 5 in Necromancy
 27534 | D:12     | Noticed Josephine
 27545 | D:12     | Killed Josephine
 27568 | D:12     | Learned a level 3 spell: Frozen Ramparts
 27587 | D:12     | Found a staircase to the Orcish Mines.
 28399 | D:13     | Reached skill level 1 in Ice Magic
 29114 | D:12     | Found a staircase to the Orcish Mines.
 29646 | D:13     | Noticed Maurice
 29653 | D:13     | Noticed Erolcha
 29798 | D:13     | Killed Erolcha
 29921 | D:13     | Reached skill level 15 in Fighting
 30228 | D:13     | Killed Maurice
 30930 | D:13     | Found a gate to the Vaults.
 31266 | Orc:1    | Entered Level 1 of the Orcish Mines
 31692 | Orc:2    | Entered Level 2 of the Orcish Mines
 32140 | Orc:2    | Noticed Snorg
 32156 | Orc:1    | Noticed an orc warlord
 32442 | Orc:2    | Killed Snorg
 33197 | Orc:2    | Found Ikkics's Jewellery Boutique.
 33208 | Orc:2    | Found Ifa Ciqiniv's Antique Weapon Shop.
 33616 | Orc:2    | Reached skill level 10 in Staves
 33676 | Orc:2    | Reached ****** piety under Fedhas
 33831 | Orc:2    | Reached XP level 15. HP: 116/167 MP: 22/24
 34205 | Orc:2    | Identified the amulet "Bammui" {Spirit Dex+5}
 34403 | Orc:2    | Found a staircase to the Elven Halls.
 34571 | Orc:2    | Noticed Azrael
 34614 | Orc:2    | Killed Azrael
 34884 | Orc:2    | Found Ribon's Antique Armour Emporium.
 34890 | Orc:2    | Cast into level 3 of the Abyss (orc high priest)
 35149 | Abyss:3  | Noticed a tentacled starspawn
 35161 | Abyss:3  | Noticed a tentacled starspawn
 35748 | Abyss:3  | Noticed a balrug
 36269 | Abyss:3  | HP: 1/167 [hellion/damnation (21)]
 36270 | Abyss:3  | Killed from afar by a hellion

Illustrated notes

Levels and vault maps discovered:
D:1:      dpeg_arrival_lava_temple_mockup, layout_basic, serial_shops,
          nicolae_shop_overgrown_old_shop
D:2:      layout_loops_ring, serial_shops, nicolae_shop_window_shopping
D:3:      layout_basic, jmf_multi_god_temple, serial_shops, nicolae_square_shop,
          shop, shop_statue, shop, shapermc_ecumenical_altar_totnotflames,
          cheibrodos_sewer_entry_sluice, hangedman_decor_clover_reticule,
          uniq_grinder, uniq_crazy_yiuf_cottage
D:4:      layout_basic, tgw_xom, cheibriados_altar_1, serial_shops, shop,
          enter_ossuary_1
D:5:      layout_gridville, mainiacjoe_overflow_alcove_3, st_stairs_1
D:6:      layout_basic, minmay_temple_entry_statues_pillars, serial_shops,
          nicolae_inconvenience_store, ebering_ghost_gozag
D:7:      layout_basic
D:8:      layout_loops_cross, mainiacjoe_overflow_paths,
          lemuel_coloured_pillars_altar
D:9:      layout_basic, enter_bailey_3, grunt_ministairs_11, minivault_23,
          minivault_13
D:10:     layout_loops_cross, dpeg_oklobed_lair, hellmonk_guarded_unrand_night
D:11:     layout_grid_maze
D:12:     layout_loops_ring, erik_orc_3, uniq_josephine, uniq_fannar
D:13:     layout_cave_pools, ximxim_vaults_locker_room, uniq_maurice,
          uniq_erolcha
D:14:     layout_basic, ebering_ghost_disaster_area, minivault_15, drop_trap,
          minivault_24
Lair:1:   layout_gridlike, small_statue_intersection, uniq_nergalle
Lair:2:   layout_cave_pods
Lair:3:   layout_gridlike, dummy_snake_entry, serial_bayou_crossing,
          serial_bayou_shore_b, grunt_megastairs_3, lemuel_fruit_fields
Lair:4:   layout_cave_shapes, palyth_hydra_swamp_entry,
          gammafunk_ghost_necromancy, serial_forest,
          infiniplex_forest_straight_2, infiniplex_forest_lined_3_way,
          infiniplex_forest_lined_4_way, infiniplex_forest_clump_tiny,
          infiniplex_forest_lined_3, chequers_serial_rivers_large_b,
          infiniplex_staircase_pool, uniq_nessos, uniq_urug
Lair:5:   layout_misc_corridors, serial_bayou_shore_b, serial_bayou_shore_b,
          uniq_sonja
Orc:1:    layout_caves, uniq_harold
Orc:2:    pubby_orc_utopia, serial_shops, uniq_azrael, uniq_snorg
Abyss:3:  base: D:2, hangedman_abyss_or_decor_stabs,
          hangedman_abyss_or_decor_stabs, evilmike_abyss_exit_3,
          evilmike_abyss_exit_3, evilmike_abyss_exit_plants,
          hangedman_decor_lopped, evilmike_abyss_exit_10,
          evilmike_abyss_rune_siren_acolytes, evilmike_abyss_rune_tso_outpost,
          minivault_11, evilmike_abyss_rune_siren_acolytes, minivault_11,
          hangedman_abyss_rune_macabre_mess

Skill      XL: |  1  2  3  4  5  6  7  8  9 10 11 12 13 14 |
---------------+-------------------------------------------+-----
Stealth        | 3 |  3.0
Fighting       | 3 4 5 6 8 9 10 11 12 13 14 15 | 15.5
Dodging        | 1 3 4 5 6 7 |  7.6
Invocations    | 1 3 5 6 7 8 9 10 11 | 11.7
Maces & Flails | 2 3 |  3.0
Spellcasting   | 3 4 5 6 |  6.7
Conjurations   | 2 3 4 |  4.0
Air Magic      | 2 3 4 |  4.6
Poison Magic   | 2 3 4 |  4.5
Staves         | 4 7 8 9 10 | 10.2
Armour         | 2 4 |  4.0
Translocations | 3 4 |  4.8
Summonings     | 3 4 |  4.8
Necromancy     | 3 4 6 |  6.0
Earth Magic    | 3 4 |  4.0
Ice Magic      | 4 |  4.0
Short Blades   | |  1.7
Throwing       | |  2.0

Action                   |  1- 3 |  4- 6 |  7- 9 | 10-12 | 13-15 || total
-------------------------+-------+-------+-------+-------+-------++-------
Melee: Dagger            |   100 |   343 |   101 |       |       ||   544
       Giant club        |       |    20 |    14 |       |       ||    34
       Mace              |       |       |   265 |    25 |       ||   290
       Lajatang          |       |       |       |   422 |   886 ||  1308
 Fire: Arbalest          |       |       |       |    19 |       ||    19
Throw: Dart              |     1 |    24 |     4 |     1 |     4 ||    34
 Cast: Mephitic Cloud    |       |       |       |    14 |    80 ||    94
       Call Imp          |       |       |       |     8 |     4 ||    12
       Frozen Ramparts   |       |       |       |       |     2 ||     2
Invok: Grow Ballistomyce |       |       |       |     6 |     8 ||    14
       Wall of Briars    |       |       |       |     2 |     3 ||     5
Evoke: Wand              |       |     1 |       |       |     2 ||     3
  Use: Scroll            |     5 |    12 |     3 |     3 |    12 ||    35
       Potion            |       |     7 |       |     2 |     1 ||    10
 Stab: Sleeping          |    10 |     3 |     3 |     6 |     8 ||    30
       Distracted        |       |       |     1 |       |     3 ||     4
       Invisible         |       |       |     1 |       |       ||     1
       Confused          |       |       |       |     6 |    36 ||    42
       Petrified         |       |       |       |       |     4 ||     4
Armor: Robe              |    31 |   117 |   119 |    77 |   248 ||   592
       Skin              |       |     6 |       |       |       ||     6
       Troll leather arm |       |       |       |    87 |       ||    87
Dodge: Dodged            |    50 |   174 |   332 |   338 |   603 ||  1497

Table legend: (Time is in decaauts)
 A = Elapsed time spent in this place.
 B = Non-inter-level travel time spent in this place.
 C = Inter-level travel time spent in this place.
 D = Time resting spent in this place.
 E = Time spent auto-exploring this place.
 F = Levels seen in this place.
 G = Mean time per level.
                   A        B        C        D        E       F      G
               +--------+--------+--------+--------+--------+-----+--------+
         Total |  36427 |  34422 |   2005 |   5962 |  20681 |  24 | 1517.8 |
       Dungeon |  18705 |  17016 |   1689 |   1832 |  11202 |  14 | 1336.1 |
          Lair |  10750 |  10453 |    297 |   1947 |   6616 |   5 | 2150.0 |
  Orcish Mines |   3396 |   3378 |     18 |    533 |   2118 |   2 | 1698.0 |
         Abyss |   1366 |   1366 |      0 |    905 |     56 |   1 | 1366.0 |
         Sewer |   1947 |   1947 |      0 |    697 |    688 |   1 | 1947.0 |
        Bailey |    261 |    261 |      0 |     48 |      0 |   1 |  261.0 |
               +--------+--------+--------+--------+--------+-----+--------+

Top non-repeatable levels by time:
  Lair:4: 4253 daAuts
   Orc:2: 3041 daAuts
    D:12: 2453 daAuts
     D:5: 2234 daAuts
     D:4: 2159 daAuts
  Lair:2: 2036 daAuts
   Sewer: 1947 daAuts
  Lair:3: 1918 daAuts
  Lair:1: 1684 daAuts
    D:11: 1603 daAuts
    D:13: 1538 daAuts
 Abyss:3: 1366 daAuts
     D:2: 1281 daAuts
    D:10: 1262 daAuts
     D:6: 1261 daAuts
